 Dungeon Crawl Stone Soup version 0.25-a0-890-g62861fb195 (webtiles) character file.

Game seed: 12523246016340366422, levelgen mode: deterministic

291 FessEmpty the Sneak (level 6, -9/39 HPs)
             Began as an Octopode Assassin on May 2, 2020.
             Mangled by Grinder (10 damage)
             ... on level 3 of the Dungeon.
             The game lasted 00:05:29 (1894 turns).

FessEmpty the Sneak (Octopode Assassin)             Turns: 1894, Time: 00:05:30

Health: -9/39      AC: -2    Str: 10    XL:     6   Next: 32%
Magic:  6/6        EV: 16    Int: 14    God:
Gold:   111        SH:  0    Dex: 15    Spells: 5/5 levels left

rFire    . . .     SeeInvis .   a - +2 dagger
rCold    . . .     Gourm    .   (no shield)
rNeg     . . .     Faith    .   (helmet restricted)
rPois    .         Spirit   .   (no amulet)
rElec    .         Reflect  .   i - ring of stealth
rCorr    .         Harm     .   h - -3 ring of protection
MR       .....                  (no ring)
Stlth    ++++++....             (no ring)
HPRegen  0.13/turn              (no ring)
MPRegen  0.10/turn              (no ring)
                                (no ring)
                                (no ring)

@: stab, flying, very slightly contaminated, invisible
A: almost no armour, stealthy swim, amphibious, 8 rings, constrict 8, camouflage
1, gelatinous body 1
a: no special abilities


You were on level 3 of the Dungeon.
You were not hungry.

You visited 1 branch of the dungeon, and saw 3 of its levels.

You collected 111 gold pieces.

Inventory:

Hand Weapons
 a - a +2 dagger (weapon)
Missiles
 b - 27 poisoned darts (quivered)
 c - 2 curare-tipped darts
Jewellery
 h - a -3 ring of protection (right tentacle)
 i - a ring of stealth (left tentacle)
Wands
 o - a wand of iceblast (10)
Scrolls
 e - a scroll of amnesia {unknown}
 g - 3 scrolls of identify {unknown}
 j - a scroll of enchant armour {unknown}
 m - a scroll of teleportation {unknown}
 p - 2 scrolls of remove curse
Comestibles
 d - 6 rations
 k - 3 chunks of flesh


   Skills:
 - Level 2.0 Fighting
 - Level 2.0 Short Blades
 - Level 2.0 Throwing
 * Level 5.1 Dodging
 + Level 7.3 Stealth


You had 5 spell levels left.
You didn't know any spells.
Your spell library was empty.

Dungeon Overview and Level Annotations

Branches:
Dungeon (3/15)

Altars:

Annotations:
D:3 Grinder


Innate Abilities, Weirdness & Mutations

You cannot wear most types of armour.
You are very stealthy in the water. (Stealth+)
You are amphibious.
You can wear up to eight rings at the same time.
You can use your tentacles to constrict eight enemies at once.
Your skin changes colour to match your surroundings (Stealth+).
Your rubbery body absorbs attacks. (AC +1, EV +1)


Message History

a +0 hand axe; an orc corpse The adder barely misses you.
You barely miss the adder. Your grab misses the adder.
The adder is lightly wounded.
The adder closely misses you.
You closely miss the adder. You grab the adder.
The adder is lightly wounded.
You constrict the adder. The adder bites you.
You barely miss the adder.
The adder is lightly wounded.
You constrict the adder, but do no damage.
The adder misses you. x2
You hit the adder.
The adder is heavily wounded.
You constrict the adder. The adder closely misses you.
You hit the adder.
You kill the adder!
You hit the orc. You grab the orc.
The orc is heavily wounded.
You constrict the orc. The orc hits you with a +0 flail.
You hit the orc.
You kill the orc!
You start resting.
Some of the chunks of flesh in your inventory have rotted away. x2
All of the chunks of flesh in your inventory have rotted away.
You are feeling hungry.
You butcher the orc corpse.
k - 4 chunks of flesh
Things that are here:
a +0 flail; a +0 leather armour; an orc skeleton
Things that are here:
a +0 flail; a +0 leather armour; an orc skeleton Eating one of 4 chunks of flesh.
You eat one of the 4 chunks of flesh.
This raw flesh tastes terrible.
You butcher the orc corpse.
k - 7 chunks of flesh (gained 4)
Things that are here:
a +0 hand axe; an orc skeleton
Things that are here:
a +0 hand axe; an orc skeleton
c - 2 curare-tipped darts (gained 1)
You butcher the orc corpse.
k - 8 chunks of flesh (gained 1)
Things that are here:
a +0 chain mail; an orc skeleton
Things that are here:
a +0 chain mail; an orc skeleton HP restored.
b - 27 poisoned darts (gained 19)
g - 2 scrolls labeled TOANTO NAATO (gained 1)
You now have 107 gold pieces (gained 8).
An adder comes into view.
Things that are here:
5 silver javelins; 4 gold pieces
p - 3 scrolls labeled GAZETI BICVI
There are no items here.
Things that are here:
5 silver javelins; 4 gold pieces
q - 5 silver javelins An adder is nearby!
You now have 111 gold pieces (gained 4).
The helpless adder fails to defend itself.
You impale the adder!!
You kill the adder!
Your Dodging skill increases to level 4!
g - 3 scrolls labeled TOANTO NAATO (gained 1)
You see here 16 arrows.
A goblin comes into view.
The goblin shouts!
You hit the goblin. You grab the goblin. You squeeze the goblin.
You kill the goblin!
You butcher the goblin corpse.
k - 11 chunks of flesh (gained 3)
You see here a goblin skeleton.
Some of the chunks of flesh in your inventory have rotted away.
You see here a goblin skeleton.
A kobold comes into view.
The helpless kobold fails to defend itself.
You impale the kobold!!
You kill the kobold!
Things that are here:
3 stones; a kobold corpse Sigmund the Dreaded comes into view.
He is wielding a +1 vampiric scythe.
A bat comes into view.
A giant cockroach and a goblin come into view.
The helpless Sigmund fails to defend himself.
You impale Sigmund!!
You kill Sigmund!
Your Dodging skill increases to level 5!
Your Stealth skill increases to level 7!
You have reached level 6!
Your experience leads to an increase in your attributes!
Increase (S)trength, (I)ntelligence, or (D)exterity?
You feel agile.
Things that are here:
a +1 vampiric scythe; a +0 robe The giant cockroach misses you.
You barely miss the giant cockroach. You grab the giant cockroach.
You constrict the giant cockroach, but do no damage.
The giant cockroach waves its antennae.
The giant cockroach bites you.
You hit the giant cockroach.
You squeeze the giant cockroach, but do no damage.
The giant cockroach is moderately wounded.
You constrict the giant cockroach. The giant cockroach barely misses you.
You hit the giant cockroach.
The giant cockroach is almost dead.
You constrict the giant cockroach.
You kill the giant cockroach!
The helpless bat fails to defend itself.
You perforate the bat like a sieve!!!
You kill the bat!
The helpless goblin fails to defend itself.
You impale the goblin!!
You kill the goblin!
A bat comes into view.
You see here a bat corpse.
A bat is nearby!
The helpless bat fails to defend itself.
You impale the bat!!
You kill the bat!
Grinder comes into view.
You see here a bat corpse.
Throwing (i - inventory. (/) - cycle)
c - 2 curare-tipped darts (quivered)
Press: ? - help, Shift-Dir - straight line, f - Grinder
Aim: Grinder
Okay, then.
Unknown command.
Throwing (i - inventory. (/) - cycle)
c - 2 curare-tipped darts (quivered)
Press: ? - help, Shift-Dir - straight line, f - Grinder
Aim: Grinder
Okay, then.
Quiver which item? (- for none, * to show all) (? for menu, Esc to quit)
Quivering
q - 5 silver javelins for throwing.
Throwing (i - inventory. (/) - cycle)
q - 5 silver javelins (quivered)
Press: ? - help, Shift-Dir - straight line, f - Grinder
Aim: Grinder (chaotic)
You throw a silver javelin.
The silver javelin pierces through Grinder!
The silver sears Grinder!
Grinder is heavily wounded.
Throwing (i - inventory. (/) - cycle)
q - 4 silver javelins (quivered)
Press: ? - help, Shift-Dir - straight line, f/p - Grinder
Aim: Grinder (heavily wounded, chaotic)
You throw a silver javelin.
The silver javelin completely misses Grinder.
Grinder blinks!
Unknown command.
Unknown command.
Throwing (i - inventory. (/) - cycle)
q - 3 silver javelins (quivered)
Press: ? - help, Shift-Dir - straight line, f/p - Grinder
Aim: Grinder (heavily wounded, chaotic)
You throw a silver javelin.
The silver javelin pierces through Grinder but does no damage.
The silver sears Grinder!
Grinder is heavily wounded.
Throwing (i - inventory. (/) - cycle)
q - 2 silver javelins (quivered)
Press: ? - help, Shift-Dir - straight line, f/p - Grinder
Aim: Grinder (heavily wounded, chaotic)
You throw a silver javelin.
The silver javelin barely misses Grinder.
Throwing (i - inventory. (/) - cycle)
q - a silver javelin (quivered)
Press: ? - help, Shift-Dir - straight line, f/p - Grinder
Aim: Grinder (heavily wounded, chaotic)
You throw a silver javelin.
The silver javelin pierces through Grinder.
The silver sears Grinder!
Grinder is heavily wounded.
You barely miss Grinder. Your grab misses Grinder.
Grinder is heavily wounded.
Grinder gestures at you.
You suddenly lose the ability to move!
Grinder hits you!
You writhe in agony.
Grinder hits you!
You writhe in agony.
You can move again.
It was a potion of flight.
You feel very buoyant.
You fly up into the air.
Grinder barely misses you.
It was a potion of invisibility.
You fade into invisibility!
Grinder completely misses you.
You are very lightly contaminated with residual magic.
Throwing (i - inventory. (/) - cycle)
b - 27 poisoned darts (quivered)
Press: ? - help, Shift-Dir - straight line, f/p - Grinder
Aim: Grinder (heavily wounded)
Okay, then.
It was a potion of stabbing.
You feel ready to backstab. Grinder hits you!
* * * LOW HITPOINT WARNING * * *
You writhe in agony.
* * * LOW HITPOINT WARNING * * *
Throwing (i - inventory. (/) - cycle)
b - 27 poisoned darts (quivered)
Press: ? - help, Shift-Dir - straight line, f/p - Grinder
Aim: Grinder (heavily wounded)
Okay, then.
As you read the scroll labeled GAZETI BICVI, it crumbles to dust.
You feel as if something is helping you.
It was a scroll of remove curse.
Grinder hits you!
You die...

.(. ..( ...
#.# ##.## ...
#5# ###@#
#.†.##
#....### ###
#..#...##...#
#....#...#
##.#...##.#
#...#.## .
#.#.)..###.##
#...#.†.....#


You could see Grinder.

Vanquished Creatures
  Sigmund (D:3)
  An orc priest (D:3)
  Ijyb (D:3)
  2 adders (D:3)
  A worm (D:2)
  2 dart slugs
  2 leopard geckos
  4 orcs (D:3)
  7 bats
  6 giant cockroaches
  8 goblins
  2 hobgoblins
  6 jackals (D:1)
  5 kobolds
  A ball python (D:2)
  2 frilled lizards
  4 rats
55 creatures vanquished.

Notes
Turn   | Place    | Note
-------+----------+-------------------------------------------
     0 | D:1      | FessEmpty the Octopode Assassin began the quest for the
                  | Orb.
     0 | D:1      | Reached XP level 1. HP: 14/14 MP: 1/1
   177 | D:1      | Reached XP level 2. HP: 19/19 MP: 2/2
   382 | D:1      | Reached XP level 3. HP: 24/24 MP: 3/3
  1086 | D:2      | Reached skill level 6 in Stealth
  1419 | D:3      | Noticed Ijyb
  1424 | D:3      | Killed Ijyb
  1424 | D:3      | Reached XP level 4. HP: 26/29 MP: 4/4
  1585 | D:3      | Reached XP level 5. HP: 30/34 MP: 5/5
  1852 | D:3      | Noticed Sigmund
  1858 | D:3      | Killed Sigmund
  1858 | D:3      | Reached skill level 5 in Dodging
  1858 | D:3      | Reached skill level 7 in Stealth
  1858 | D:3      | Reached XP level 6. HP: 39/39 MP: 6/6
  1878 | D:3      | Noticed Grinder
  1888 | D:3      | Paralysed by Grinder for 2 turns
  1893 | D:3      | HP: 1/39 [Grinder (4)]
  1894 | D:3      | Mangled by Grinder

Levels and vault maps discovered:
D:1:      elethiomel_arrival_infinity_welcomes_careful_drivers,
          layout_loops_ring
D:2:      layout_loops_corners, first_ration
D:3:      layout_loops_ring, kennysheep_okawaru_gauntlet,
          minmay_misc_feat_pillars, item_on_display_b, uniq_crazy_yiuf_cottage,
          uniq_grinder, uniq_ijyb, uniq_sigmund

Skill      XL: |  1  2  3  4  5 |
---------------+----------------+-----
Dodging        | 2 3 5 |  5.1
Stealth        | 6 7 |  7.3
Fighting       | |  2.0
Short Blades   | |  2.0
Throwing       | |  2.0

Action                   |  1- 3 |  4- 6 || total
-------------------------+-------+-------++-------
Melee: Dagger            |    70 |    36 ||   106
       Constrict         |    17 |     9 ||    26
       Tentacles         |     9 |     6 ||    15
Throw: Dart              |       |     1 ||     1
       Javelin           |       |     5 ||     5
  Use: Potion            |       |     3 ||     3
       Scroll            |       |     1 ||     1
 Stab: Sleeping          |    19 |     7 ||    26
  Eat: Chunk             |     2 |     1 ||     3
Armor: Skin              |     1 |       ||     1
Dodge: Dodged            |    28 |    18 ||    46

Table legend:
 A = Non-vault XP
 B = Vault XP
 C = Vault XP percentage of total XP
 D = Non-vault monster count
 E = Vault monster count
 F = Vault count percentage of total count
                 A         B        C        D         E       F
            +---------+---------+-------+---------+---------+-------
      Total |     168 |     248 |  59.6 |      53 |       2 |   3.6
            +---------+---------+-------+---------+---------+-------
        D:1 |      39 |       0 |   0.0 |      20 |       0 |   0.0
        D:2 |      35 |       0 |   0.0 |      18 |       0 |   0.0
        D:3 |      94 |     248 |  72.5 |      15 |       2 |  11.8
            +---------+---------+-------+---------+---------+-------
